Map: Oxide LE

Players

Neeblet (Neeb)

  • Race: Protoss Protoss
  • League: Grandmaster
  • Spawn Location: 1:00

Serral - Winner!

  • Race: Zerg Zerg
  • League: Master
  • Spawn Location: 7:00

Event: DreamHack SC2 Masters 2020 Winter

VOD

Have the link to the VOD?

Description

Time

  • Played on: Nov. 15, 2020, 8:34 a.m.
  • Length: 15:16
Show
View Real Time Build Order
Export as new Build Order

Neeblet Protoss 

Build Orders: 1 Gate Expand, Archon Immortal 

Get SALT Encoding   

  12  0:00  Probe  
  13  0:12  Probe  
  14  0:19  Pylon  
  14  0:24  Probe  
  15  0:37  Gateway  
  15  0:39  Probe (Chrono Boost)  
  16  0:49  Probe (Chrono Boost)  
  17  0:54  Probe (Chrono Boost)  
  18  1:22  Zealot (Chrono Boost)  
  18  1:24  Cybernetics Core  
  20  1:31  Nexus  
  20  1:45  Pylon, Zealot  
  22  1:50  Probe  
  22  1:53  Assimilator  
  23  2:03  Probe (Chrono Boost)  
  24  2:12  Assimilator  
  24  2:15  Probe (Chrono Boost)  
  25  2:18  Pylon  
  25  2:21  Probe (Chrono Boost)  
  26  2:26  Adept  
  26  2:29  Probe  
  30  2:45  Probe (Chrono Boost)  
  30  2:46  Probe (Chrono Boost)  
  31  2:55  Probe (Chrono Boost)  
  31  2:57  Probe (Chrono Boost)  
  33  3:00  Gateway  
  33  3:02  Stargate, Probe  
  34  3:06  Probe  
  34  3:08  Adept  
  37  3:14  Probe  
  37  3:18  Probe (Chrono Boost)  
  39  3:26  Probe (Chrono Boost)  
  36  3:27  Warp Gate  
  37  3:35  Pylon  
  37  3:36  Probe (Chrono Boost)  
  37  3:37  Probe (Chrono Boost)  
  37  3:38  Adept  
  37  3:39  Void Ray (Chrono Boost)  
  40  3:41  Probe (Chrono Boost)  
  40  3:42  Probe (Chrono Boost)  
  46  3:51  Pylon  
  46  3:53  Probe  
  46  3:54  Probe  
  48  4:06  Probe x2  
  50  4:18  Probe  
  50  4:19  Oracle (Chrono Boost)  
  54  4:25  Pylon  
  54  4:26  Nexus, Probe  
  54  4:29  Pylon  
  54  4:30  Probe  
  56  4:38  Probe  
  54  4:40  Assimilator x2  
  54  4:42  Probe  
  55  4:49  Oracle  
  55  4:50  Probe  
  59  4:54  Probe  
  60  5:02  Probe  
  60  5:05  Robotics Facility  
  60  5:06  Probe  
  62  5:14  Probe (Chrono Boost)  
  62  5:15  Adept x2  
  62  5:18  Probe (Chrono Boost)  
  68  5:24  Shield Battery  
  68  5:25  Forge  
  68  5:26  Probe (Chrono Boost)  
  68  5:27  Pylon, Twilight Council  
  70  5:29  Probe (Chrono Boost)  
  70  5:30  Pylon  
  70  5:32  Probe (Chrono Boost)  
  72  5:35  Probe (Chrono Boost)  
  72  5:37  Sentry  
  72  5:38  Probe (Chrono Boost)  
  72  5:39  Sentry  
  78  5:46  Gateway  
  78  5:47  Probe x2 (Chrono Boost)  
  78  5:48  Gateway  
  78  5:49  Probe (Chrono Boost)  
  80  5:52  Pylon  
  80  5:53  Probe x2 (Chrono Boost)  
  82  6:02  Immortal (Chrono Boost)  
  82  6:03  Probe  
  84  6:05  Probe  
  84  6:06  Probe  
  86  6:13  Assimilator  
  86  6:14  Assimilator  
  86  6:15  Probe  
  86  6:16  Pylon  
  86  6:17  Probe  
  84  6:20  Gateway, Protoss Ground Weapons Level 1 (Chrono Boost)  
  84  6:22  Gateway  
  84  6:23  Templar Archives  
  84  6:24  Charge  
  84  6:27  Zealot  
  84  6:29  Probe x2  
  88  6:33  Sentry  
  88  6:34  Probe  
  91  6:40  Observer (Chrono Boost)  
  91  6:42  Probe x2  
  91  6:45  Photon Cannon  
  94  6:47  Zealot  
  94  6:48  Pylon  
  94  6:49  Zealot  
  94  6:51  Photon Cannon  
  98  6:54  Stargate  
  98  7:01  Zealot x2  
  104  7:05  Photon Cannon, Immortal (Chrono Boost)  
  106  7:14  High Templar x2  
  110  7:24  Gateway  
  110  7:25  Archon, Gateway  
  110  7:35  Shield Battery, Immortal (Chrono Boost)  
  112  7:41  Shield Battery  
  112  7:43  Pylon  
  118  7:50  High Templar x2, Zealot  
  118  7:51  Zealot x3  
  126  7:56  Shield Battery  
  126  7:58  Archon  
  126  7:59  Shield Battery x2  
  126  8:00  Shield Battery  
  126  8:06  Warp Prism (Chrono Boost)  
  128  8:16  Zealot x4  
  126  8:30  Protoss Ground Weapons Level 2  
  120  8:36  High Templar x4  
  120  8:37  Zealot x4  
  120  8:41  Immortal (Chrono Boost)  
  138  8:46  Archon x2  
  134  8:57  Zealot x3  
  140  9:06  Immortal (Chrono Boost)  
  140  9:09  Probe x3  
  123  9:17  Zealot  
  123  9:18  Zealot x7  
  123  9:21  Probe x3  
  113  9:33  Probe  
  104  9:38  Immortal (Chrono Boost)  
  104  9:39  Zealot x8  
  104  9:43  Probe  
  125  9:59  Zealot x5  
  133  10:02  Zealot x3  
  133  10:03  Psionic Storm  
  111  10:21  High Templar x3  
  111  10:22  High Templar  
  111  10:25  Gateway  
  111  10:26  High Templar x4  
  111  10:27  Gateway  
  127  10:29  Immortal  
  131  10:53  Zealot x2  
  131  10:54  Zealot x2  
  131  10:55  Protoss Ground Weapons Level 3 (Chrono Boost)  
  133  10:58  Zealot x3  
  133  10:59  Zealot  
  133  11:00  Probe  
  133  11:02  Blink (Chrono Boost)  
  133  11:03  Probe x2  
  128  11:08  Immortal  
  128  11:19  Zealot x5  
  128  11:20  Zealot x3  
  136  11:42  Pylon  
  133  11:47  Immortal (Chrono Boost)  
  135  11:55  Nexus  
  135  11:56  Photon Cannon  
  135  11:59  Pylon  
  135  12:00  Pylon  
  135  12:02  Pylon  
  135  12:04  Pylon  
  135  12:05  Pylon  
  135  12:06  Pylon  
  135  12:22  High Templar x7  
  149  12:24  Immortal (Chrono Boost)  
  149  12:26  Archon x3  
  123  12:42  Archon  
  113  12:54  Immortal (Chrono Boost)  
  117  13:03  High Templar x2, Zealot x6  
  132  13:23  Nexus  
  132  13:25  Immortal  
  136  13:31  High Templar  
  136  13:32  High Templar  
  140  13:39  Pylon  
  136  13:45  Stalker x6  
  141  14:11  Stalker  
  141  14:12  Stalker x4  
  151  14:21  Zealot  
  151  14:22  Zealot x2  
  145  14:45  Probe x2  
  145  14:47  Assimilator  
  148  14:54  High Templar x4  
  148  14:55  Zealot x4  
Show
View Real Time Build Order
Export as new Build Order

Serral Zerg - Winner!

Build Orders: Pool First, Lurkers, Swarm Host 

Get SALT Encoding   

  12  0:00  Drone  
  13  0:12  Overlord  
  13  0:17  Drone  
  14  0:30  Drone x2  
  16  0:41  Spawning Pool  
  15  0:44  Drone  
  15  0:47  Drone  
  17  1:09  Hatchery  
  17  1:10  Extractor  
  15  1:14  Drone  
  15  1:18  Drone  
  17  1:28  Zergling x4  
  19  1:34  Queen  
  21  1:42  Overlord  
  21  1:50  Drone  
  22  2:01  Zergling x2  
  23  2:10  Queen  
  23  2:11  Zergling x2  
  23  2:15  Metabolic Boost  
  26  2:21  Drone x2  
  28  2:33  Drone x2  
  30  2:42  Overlord  
  30  2:43  Zergling x2  
  31  2:44  Queen  
  31  2:46  Drone  
  31  2:49  Drone  
  35  2:51  Drone  
  36  3:04  Drone x3  
  39  3:17  Hatchery  
  39  3:18  Zergling x2  
  36  3:20  Drone x2  
  36  3:23  Zergling x2  
  36  3:24  Drone  
  36  3:25  Drone  
  40  3:31  Overlord  
  40  3:33  Zergling x2  
  40  3:34  Drone  
  42  3:36  Drone  
  42  3:39  Overlord  
  43  3:46  Zergling x2  
  44  3:49  Queen  
  44  3:50  Zergling x2  
  44  3:53  Spore Crawler  
  46  3:57  Drone  
  46  3:58  Drone x2  
  46  3:59  Drone x2  
  51  4:08  Drone x2  
  53  4:12  Drone  
  52  4:19  Drone  
  52  4:21  Overlord  
  53  4:24  Overlord  
  53  4:28  Overlord  
  52  4:33  Zergling x6  
  52  4:35  Drone  
  52  4:36  Queen  
  56  4:39  Queen  
  56  4:42  Lair  
  56  4:43  Drone  
  56  4:45  Roach Warren  
  58  4:48  Drone x2  
  58  4:49  Spore Crawler  
  58  4:50  Drone  
  58  4:51  Drone  
  60  4:54  Zergling x2  
  60  4:55  Drone  
  60  4:57  Drone x2  
  60  4:59  Drone  
  65  5:01  Drone x2  
  65  5:05  Drone  
  65  5:07  Spore Crawler, Extractor x2  
  67  5:12  Drone x4  
  69  5:14  Drone  
  69  5:15  Drone  
  69  5:20  Overlord  
  71  5:24  Drone  
  72  5:30  Overlord  
  72  5:34  Zergling x8  
  72  5:35  Evolution Chamber, Extractor, Zergling x2  
  75  5:42  Drone  
  75  5:43  Spire  
  75  5:45  Drone x2, Glial Reconstitution  
  75  5:47  Drone x3  
  75  5:48  Extractor  
  75  5:49  Extractor  
  77  5:50  Overlord  
  77  5:51  Drone x2  
  77  5:56  Overlord x2  
  80  5:59  Spire  
  80  6:00  Drone  
  75  6:12  Drone x5  
  75  6:18  Infestation Pit  
  76  6:23  Overlord  
  76  6:26  Drone  
  76  6:27  Drone x2  
  76  6:28  Drone  
  76  6:32  Zerg Missile Weapons Level 1  
  80  6:33  Drone  
  80  6:37  Drone x7  
  88  6:43  Overlord  
  88  7:02  Swarm Host  
  88  7:03  Swarm Host x8  
  88  7:07  Swarm Host x2  
  122  7:11  Hatchery  
  122  7:13  Roach  
  122  7:14  Roach  
  124  7:17  Roach  
  124  7:18  Roach  
  128  7:23  Roach x3  
  128  7:26  Overlord  
  128  7:28  Roach  
  128  7:29  Roach  
  138  7:36  Overlord x4  
  138  7:37  Overlord  
  138  7:50  Roach x4  
  146  7:53  Overlord  
  146  7:56  Roach, Ravager x4  
  146  7:57  Roach x4  
  160  7:59  Roach  
  160  8:00  Roach  
  160  8:04  Swarm Host x2  
  168  8:18  Roach x8  
  181  8:24  Roach x2  
  180  8:30  Queen  
  180  8:32  Extractor  
  179  8:35  Ravager x2  
  179  8:36  Roach, Ravager  
  179  8:37  Roach  
  186  8:44  Swarm Host  
  186  8:47  Roach x3  
  192  8:55  Zerg Missile Weapons Level 2  
  192  8:58  Drone  
  192  8:59  Drone x2  
  192  9:00  Drone x2  
  194  9:03  Drone  
  194  9:06  Queen  
  194  9:09  Roach  
  199  9:16  Roach x3  
  198  9:26  Roach x2  
  190  9:35  Roach x13  
  190  9:37  Roach  
  190  9:38  Roach x3  
  196  9:41  Queen  
  196  9:43  Roach x4  
  189  9:49  Roach  
  189  9:50  Roach x2  
  191  9:58  Roach  
  191  9:59  Roach x4  
  187  10:12  Roach x6  
  197  10:16  Roach  
  199  10:27  Tunneling Claws, Spine Crawler  
  199  10:28  Burrow  
  198  10:29  Drone  
  198  10:32  Ravager x2  
  198  10:33  Ravager  
  198  10:42  Spore Crawler  
  187  10:53  Drone x2  
  185  10:58  Drone x2  
  185  11:01  Roach x7  
  199  11:12  Zerg Ground Armor Level 1  
  195  11:19  Roach x3  
  195  11:30  Swarm Host x4  
  199  11:35  Hive  
  199  11:36  Nydus Network, Hydralisk Den  
  194  11:51  Roach x4  
  200  11:56  Spine Crawler  
  200  11:57  Spore Crawler  
  198  12:01  Drone x2  
  198  12:04  Spine Crawler  
  198  12:07  Grooved Spines  
  198  12:08  Lurker Den  
  198  12:12  Nydus Canal  
  198  12:14  Drone  
  199  12:19  Drone  
  179  12:40  Roach x12  
  179  12:41  Nydus Canal  
  187  12:44  Hydralisk  
  187  12:45  Hydralisk x5  
  199  12:51  Extractor  
  199  12:52  Drone x2  
  176  13:08  Hydralisk x3  
  176  13:10  Seismic Spines  
  176  13:11  Drone  
  176  13:12  Drone  
  182  13:15  Hatchery  
  182  13:18  Lurker x2, Roach x5  
  182  13:19  Muscular Augments  
  183  13:21  Lurker  
  184  13:27  Lurker  
  184  13:28  Overseer  
  184  13:30  Drone x2  
  184  13:32  Spine Crawler  
  182  13:39  Lurker x2  
  180  13:46  Lurker  
  180  13:47  Lurker  
  182  13:50  Drone  
  182  13:51  Drone x2  
  182  13:53  Hydralisk  
  185  14:01  Lurker  
  186  14:07  Adaptive Talons  
  174  14:12  Roach x7  
  174  14:13  Roach x10  
  174  14:15  Extractor  
  174  14:16  Extractor  
  188  14:20  Nydus Canal  
  188  14:23  Roach x8  
  198  14:35  Hydralisk x5  
  191  14:43  Roach x8  
  187  14:47  Drone  
  187  14:51  Overseer, Hydralisk x6  
  195  15:10  Hatchery  
Tags
 
Add a new tag
Caveats
  • Supply blocks, unpowered buildings, or Contaminate may cause inaccurate times.
  • Supply counts are checked every 10 seconds.